 Dungeon Crawl Stone Soup version 0.31-a0-662-g684573625c (webtiles) character file.

Game seed: 1614418295744730029

579 shumumu the Conjurer (level 7, -4/59 HPs)
             Began as a Troll Conjurer on Aug 29, 2023.
             Was a High Priest of Ignis.
             Slain by a gnoll sergeant
             ... wielding a +0 spear
              (10 damage)
             ... on level 4 of the Dungeon on Aug 31, 2023.
             The game lasted 00:39:49 (4581 turns).

shumumu the Conjurer (Troll Conjurer)               Turns: 4581, Time: 00:39:50

Health: -4/59      AC:  5    Str: 16    XL:     7   Next: 13%
Magic:  0/9        EV:  9    Int: 16    God:    Ignis [*****.]
Gold:   198        SH:  0    Dex:  8    Spells: 8/11 levels left

rFire   + .          .
                       - Unarmed
rCold   + . .        (no shield)
rNeg    . . .        w - +0 troll leather armour {Pargi}
rPois   .            (helmet restricted)
rElec   .            (no cloak)
rCorr   .            (gloves unavailable)
SInv    .            (boots unavailable)
Will    .....        (no amulet)
Stlth   +            f - ring of protection from cold
HPRegen 1.89/turn    o - ring of wizardry
MPRegen 0.11/turn

%: wizardry (x1)
@: hasted, very quick
A: large, unfitting armour, claws 3, regeneration 1, shaggy fur 1, tough skin 1
a: Renounce Religion, Fiery Armour, Foxfire Swarm, Rising Flame


You were on level 4 of the Dungeon.
You worshipped Ignis.
Ignis was extremely pleased with you.
You visited 1 branch of the dungeon, and saw 4 of its levels.

You collected 198 gold pieces.

Inventory:

Hand Weapons
 c - a +0 club
 x - a +1 heavy flail
Armour
 a - a +0 robe
 r - a +0 helmet
 w - a +0 troll leather armour (worn) {Pargi}
Jewellery
 f - a ring of protection from cold (left claw)
 o - a ring of wizardry (right claw)
Talismans
 q - a flux talisman
Wands
 k - a wand of iceblast (3)
 y - a wand of mindburst (7)
Scrolls
 e - a scroll of poison {unknown}
 i - a scroll of amnesia {unknown}
 j - 2 scrolls of vulnerability {unknown}
 m - a scroll of torment {unknown}
 n - 4 scrolls of identify
 s - a scroll of enchant armour {unknown}
 t - a scroll of fear {unknown}
Potions
 b - 2 potions of magic
 d - 2 potions of cancellation {unknown}
 g - 2 potions of haste
 h - a potion of heal wounds {unknown}
 l - a potion of might {unknown}
 p - a potion of ambrosia {unknown}
 u - a potion of degeneration {unknown}
 v - 3 potions of curing {unknown}


   Skills:
 + Level 3.4 Dodging
 - Level 1.1 Stealth
 + Level 3.4 Unarmed Combat
 + Level 2.6 Spellcasting
 + Level 4.1 Conjurations


You had 8 spell levels left.
You knew the following spells:

 Your Spells              Type           Power      Damage    Failure   Level
a - Magic Dart            Conj           60%        1d6       1%          1
b - Searing Ray           Conj           30%        2d5       2%          2

Your spell library contained the following spells:

 Spells                   Type           Power      Damage    Failure   Level
 Shock                    Conj/Air       32%        1d5       4%          1
 Dazzling Flash           Conj/Hex       16%        N/A       12%         3
 Swiftness                Air            2%         N/A       28%         3
 Fulminant Prism          Conj/Hex       4%         3d5       38%         4
 Iskenderun's Mystic Bla  Conj/Tloc      8%         2d4       38%         4
 Airstrike                Air            1%         2d(1-17)  65%         4
 Chain Lightning          Conj/Air       4%         3d5       100%        9
 Fire Storm               Conj/Fire      4%         8d1       100%        9
 Shatter                  Erth           1%         3d5*      100%        9


Dungeon Overview and Level Annotations

Branches:
Dungeon (4/15)             Temple (0/1) D:4

Altars:
Okawaru
Ignis

Annotations:
D:4 1 runed translucent door, Crazy Yiuf


Innate Abilities, Weirdness & Mutations

You are too large for most types of armour.
You have claws for hands.
Your natural rate of healing is unusually fast.
You are covered in fur. (AC +1)
You have tough skin. (AC +1)


Message History

Unknown command.
You scratch the orc warrior but do no damage.
The orc warrior hits you with a +0 scimitar!
You scratch the orc warrior.
The orc warrior is lightly wounded.
The orc warrior hits you with a +0 scimitar!
Casting: Searing Ray (safe; 2% risk of failure)
Confirm with . or Enter, or press ? or * to list all spells.
Aiming: Magic Dart (safe; 1% risk of failure)
Press: ? - help, Shift-Dir - straight line, f - orc warrior
Aim: an orc warrior, wielding a +0 scimitar and wearing a +0 chain mail (lightly wounded, 100% to hit)
The magic dart hits the orc warrior.
The orc warrior is moderately wounded.
The orc warrior hits you with a +0 scimitar!
A gnoll sergeant comes into view. It is wielding a +0 spear.
You closely miss the orc warrior.
The orc warrior is moderately wounded.
The orc warrior hits you with a +0 scimitar!
* * * LOW HITPOINT WARNING * * *
Your magical contamination has completely faded away.
Aiming: Iceblast
Press: ? - help, Shift-Dir - straight line, p - orc warrior
Okay, then.
Casting: Magic Dart (safe; 1% risk of failure)
Confirm with . or Enter, or press ? or * to list all spells.
Okay, then.
Attack: -) Claws
Press: ? - help, Dir - move target, f/p - orc warrior
Aim: an orc warrior, wielding a +0 scimitar and wearing a +0 chain mail (moderately wounded, about 43% to evade your claws)
Okay, then.
As you read the scroll labelled KUMIEBITAE, it crumbles to dust.
It is a scroll of identify.
g - 3 potions of haste The orc warrior closely misses you.
The gnoll sergeant hits you but does no damage.
You feel yourself speed up.
The orc warrior hits you with a +0 scimitar!
* * * LOW HITPOINT WARNING * * *
The gnoll sergeant hits you from afar with a +0 spear!
You die...

##### ###########
##...#
#..........###.@#
#.#......J...#o##
##.#.## #.g..##.#
......##
##.#.##.#
.......##
#....#.#
..###...##
##.#.#.# ..#
###..## #...#.#
..# ##..##
##..#.# ..#
##..## #..#.#


You could see an orc warrior and a gnoll sergeant.

Vanquished Creatures
  Edmund (D:4)
  Pargi (D:4)
  An ogre (D:4)
  A wight (D:4)
  Natasha (thrice) (D:4)
  An orc wizard (D:4)
  5 adders
  A worm (D:3)
  2 dart slugs
  4 orcs
  6 ball pythons
  11 endoplasms
  A giant cockroach (D:2)
  8 goblins
  8 hobgoblins
  16 jackals
  4 kobolds
  2 quokkas
  6 bats
  3 frilled lizards
  4 rats (D:2)
89 creatures vanquished.

Notes
Turn   | Place    | Note
-------+----------+-------------------------------------------
     0 | D:1      | shumumu the Troll Conjurer began the quest for the Orb.
     0 | D:1      | Reached XP level 1. HP: 16/16 MP: 1/1
    61 | D:1      | Reached skill level 3 in Conjurations
   244 | D:1      | Reached XP level 2. HP: 24/24 MP: 3/3
   507 | D:1      | Learned a level 2 spell: Searing Ray
   537 | D:1      | Reached XP level 3. HP: 31/31 MP: 4/4
   579 | D:1      | Reached skill level 1 in Unarmed Combat
   724 | D:1      | Found a faded altar of an unknown god.
   729 | D:1      | Prayed at the altar of an unknown god.
   729 | D:1      | Became a worshipper of Ignis, the Dying Flame
  1322 | D:2      | Reached XP level 4. HP: 39/39 MP: 0/5
  1377 | D:2      | Upgraded the game from 0.31-a0-654-gbe3e110b4e to
                  | 0.31-a0-662-g684573625c
  3496 | D:4      | Noticed Natasha
  3498 | D:4      | Killed Natasha
  3499 | D:4      | Reached XP level 5. HP: 45/45 MP: 1/6
  3596 | D:4      | Noticed an ogre
  3603 | D:4      | Killed an ogre
  3847 | D:4      | Noticed Pargi
  3848 | D:4      | Found an iron altar of Okawaru.
  3860 | D:4      | Killed Pargi
  3861 | D:4      | Reached XP level 6. HP: 35/53 MP: 1/8
  3901 | D:4      | Noticed Natasha
  3909 | D:4      | Killed Natasha
  3933 | D:4      | Noticed Natasha
  3939 | D:4      | Killed Natasha
  3992 | D:4      | Noticed Edmund
  4007 | D:4      | Killed Edmund
  4008 | D:4      | Reached skill level 4 in Conjurations
  4345 | D:4      | Reached XP level 7. HP: 59/59 MP: 2/9
  4436 | D:4      | Found a runed translucent door.
  4437 | D:4      | Noticed Crazy Yiuf
  4462 | D:4      | Found a staircase to the Ecumenical Temple.
  4581 | D:4      | Slain by a gnoll sergeant

Illustrated notes

Levels and vault maps discovered:
D:1:      saegor_arrival_fortress, layout_loops_corners,
          hellmonk_ecumenical_altar_heavens_door, minmay_tromino_v4_b
D:2:      layout_loops_ring
D:3:      wander_river, layout_basic
D:4:      layout_loops_ring, okawaru_metal_pillars_1_2,
          minmay_temple_entry_statues_pillars, minmay_manual_mandibuliform,
          uniq_pargi, uniq_edmund, uniq_crazy_yiuf_cottage, uniq_natasha

Skill      XL: |  1  2  3  4  5  6 |
---------------+-------------------+-----
Conjurations   | 3 4 |  4.1
Dodging        | 2 3 |  3.4
Unarmed Combat | 1 2 3 |  3.4
Spellcasting   | 2 |  2.6
Stealth        | |  1.1

Action                     |  1- 3 |  4- 6 |  7- 9 || total
---------------------------+-------+-------+-------++-------
  Melee: Unarmed           |   154 |    49 |     6 ||   209
         Punch             |     1 |       |       ||     1
   Cast: Magic Dart        |     1 |    50 |     1 ||    52
         Searing Ray       |     3 |    11 |     2 ||    16
  Evoke: Wand              |       |     1 |       ||     1
    Use: Scroll            |       |       |     1 ||     1
         Potion            |       |       |     1 ||     1
   Stab: Sleeping          |     1 |       |       ||     1
 Armour: Robe              |    65 |    17 |       ||    82
         Troll leather arm |       |    10 |    13 ||    23
  Dodge: Dodged            |    62 |    29 |     2 ||    93

Table legend: (Time is in decaauts)
 A = Elapsed time spent in this place.
 B = Non-inter-level travel time spent in this place.
 C = Inter-level travel time spent in this place.
 D = Time resting spent in this place.
 E = Time spent auto-exploring this place.
 F = Levels seen in this place.
 G = Mean time per level.
                   A        B        C        D        E       F      G
               +--------+--------+--------+--------+--------+-----+--------+
         Total |   4574 |   4462 |    112 |    926 |   2767 |   4 | 1143.5 |
       Dungeon |   4574 |   4462 |    112 |    926 |   2767 |   4 | 1143.5 |
               +--------+--------+--------+--------+--------+-----+--------+

Top non-repeatable levels by time:
     D:3: 1261 daAuts
     D:1: 1116 daAuts
     D:2: 1114 daAuts
     D:4: 1082 daAuts
